 Dungeon Crawl Stone Soup version 0.29.0-11-gd7f09526c8 (webtiles) character file.

Game seed: 10815951170584770565

192 BeingJoeMalik the Cudgeller (level 5, 0/49 HPs)
             Began as a Tengu Gladiator on Sept 2, 2022.
             Succumbed to Sigmund's poison
             ... on level 2 of the Dungeon.
             The game lasted 00:02:52 (1426 turns).

BeingJoeMalik the Cudgeller (Tengu Gladiator)       Turns: 1426, Time: 00:02:52

Health: 0/49       AC: 22    Str: 16    XL:     5   Next: 71%
Magic:  15/15      EV:  2    Int:  8    God:
Gold:   66         SH:  0    Dex: 18    Spells: 4/4 levels left

rFire   + . .      SeeInvis .   l - +8 whip "Jeops" {protect, rF+ MP+9 Str+2 Stlth+}
rCold   . . .      Faith    .   (no shield)
rNeg    . . .      Spirit   .   (body armour currently unavailable)
rPois   +          Reflect  .   (helmet currently unavailable)
rElec   .          Harm     .   (cloak currently unavailable)
rCorr   .          Rampage  .   (gloves currently unavailable)
Will    .....      NoTele   +   (boots unavailable)
Stlth   +++.......              (no amulet)
HPRegen 0.16/turn               (no ring)
MPRegen 0.14/turn               (no ring)

@: lethally poisoned (0 -> -3), tree-form
A: stationary, stasis, torment immunity, boosted hp, (beak), (talons 3), nimble
flight, (iridescent scales 1), robust 1
a: no special abilities


You were on level 2 of the Dungeon.
You were a tree.
You visited 1 branch of the dungeon, and saw 2 of its levels.

You collected 66 gold pieces.

Inventory:

Hand Weapons
 a - a +0 long sword
 l - the +8 whip "Jeops" (weapon) {protect, rF+ MP+9 Str+2 Stlth+}
   (You found it on level 2 of the Dungeon)

   It grants its wielder temporary protection when it strikes (+7 to AC).
   Str:       It affects your strength (+2).
   rF:        It protects you from fire.
   MP:        It affects your magic capacity (+9).
   Stlth:     It makes you more stealthy.
Missiles
 d - 2 throwing nets (quivered)
 e - a javelin
 q - 2 poisoned darts
Armour
 b - a +0 leather armour (melded)
 c - a +0 hat (melded)
 n - a +0 pair of gloves (melded)
Magical Staves
 f - a staff of poison
Scrolls
 g - 3 scrolls of identify {unknown}
 h - a scroll of enchant armour {unknown}
 i - a scroll of fear {unknown}
 m - a scroll of blinking {unknown}
 o - a scroll of poison {unknown}


   Skills:
 - Level 2.0 Fighting
 - Level 3.6 Long Blades
 + Level 5.1 Maces & Flails
 - Level 2.0 Throwing
 - Level 0.2 Armour
 - Level 3.7 Dodging


You had 4 spell levels left.
You didn't know any spells.
Your spell library was empty.

Dungeon Overview and Level Annotations

Branches:
Dungeon (2/15)

Altars:


Innate Abilities, Weirdness & Mutations

You are a tree.
Your roots penetrate the ground, keeping you stationary.
You cannot be teleported.
You are immune to unholy pain and torment.
Your maximum health is greatly increased.
Your equipment is partially melded.
((You have a beak for a mouth.))
((You have claws for feet.))
Your magical nature lets you fly swiftly and evasively.
((You are partially covered in iridescent scales. (AC +2)))
You are robust. (+10% HP)


Message History

You are lethally poisoned!
Unknown command.
Throw: 3 throwing nets
Press: ? - help, Q - select action, (/) - cycle Shift-Dir - straight line, f - Sigmund
Aim: Sigmund, wielding a +2 scythe of venom, wearing a +0 robe and carrying a wand of flame (14) (severely wounded, 58% to hit)
You throw a throwing net. The throwing net hits Sigmund.
Sigmund is caught in the net!
Sigmund is severely wounded.
* * * LOW HITPOINT WARNING * * *
You feel very sick.
Unknown command.
You strike the helpless Sigmund from behind!
You whack Sigmund!
You kill Sigmund!
* * * LOW HITPOINT WARNING * * *
You feel sick.
Your Maces & Flails skill gained 4 levels and is now at level 5!
You have reached level 4!
You feel agile.
You have reached level 5!
Your magical nature develops, letting you fly swiftly and evasively.
It was a potion of cancellation.
You feel magically purged.
* * * LOW HITPOINT WARNING * * *
You feel sick.
It was a potion of lignification.
You turn into a tree.
Your +0 hat melds into your body.
Your +0 pair of gloves melds into your body.
Your +0 leather armour melds into your body.
Your roots penetrate the ground.
* * * LOW HITPOINT WARNING * * *
You feel sick.
Unknown command.
It was a potion of mutation.
You feel extremely strange.
Iridescent scales grow over part of your body.
You feel robust.
* * * LOW HITPOINT WARNING * * *
You feel sick.
* * * LOW HITPOINT WARNING * * *
You feel sick.
You die...

#.##.#
#>...........
#....#
#####....##..
#####'#####
#....##..
#.........#
#######..
+.........#
#..
#......)..#
###
#.....†)..#
#....(....#
####.♣#####
#......)#
#.####...
#.... #.....
.......
#.##.... #.
.....


There were no monsters in sight!

Vanquished Creatures
  Sigmund (D:2)
  A worm (D:1)
  A dart slug (D:1)
  2 ball pythons (D:2)
  5 bats
  An endoplasm (D:1)
  2 giant cockroaches (D:1)
  3 goblins
  2 hobgoblins
  5 kobolds (D:1)
  2 frilled lizards (D:1)
  5 rats
30 creatures vanquished.

Notes
Turn   | Place    | Note
-------+----------+-------------------------------------------
     0 | D:1      | BeingJoeMalik the Tengu Gladiator began the quest for the
                  | Orb.
     0 | D:1      | Reached XP level 1. HP: 12/12 MP: 2/2
   182 | D:1      | Reached XP level 2. HP: 11/17 MP: 3/3
   372 | D:1      | You fall into a shaft and drop 1 floor!
   418 | D:2      | Identified the +8 whip "Jeops" {protect, rF+ MP+9 Str+2
                  | Stlth+}
   852 | D:1      | Reached skill level 1 in Maces & Flails
   953 | D:1      | Reached XP level 3. HP: 21/21 MP: 4/4
  1414 | D:2      | Noticed Sigmund
  1421 | D:2      | Killed Sigmund
  1422 | D:2      | Reached skill level 5 in Maces & Flails
  1422 | D:2      | Reached XP level 4. HP: 4/26 MP: 5/5
  1422 | D:2      | Gained mutation: Your magical nature lets you fly swiftly
                  | and evasively. [Tengu growth]
  1422 | D:2      | Reached XP level 5. HP: 5/30 MP: 6/6
  1424 | D:2      | Gained mutation: You are partially covered in iridescent
                  | scales. (AC +2) [potion of mutation]
  1424 | D:2      | Gained mutation: You are robust. (+10% HP) [potion of
                  | mutation]
  1424 | D:2      | HP: 2/49 [poisoned by Sigmund]
  1426 | D:2      | Succumbed to Sigmund's poison

Illustrated notes

Levels and vault maps discovered:
D:1:      lemuel_arrival_funnel, layout_loops_ring
D:2:      layout_basic, uniq_sigmund

Skill      XL: |  1  2  3 |
---------------+----------+-----
Maces & Flails | 1 5 |  5.1
Fighting       | |  2.0
Long Blades    | |  3.6
Throwing       | |  2.0
Armour         | |  0.2
Dodging        | |  3.7

Action                   |  1- 3 |  4- 6 || total
-------------------------+-------+-------++-------
Melee: Long sword        |    20 |       ||    20
       Kick              |     5 |       ||     5
       Whip              |    28 |       ||    28
       Peck              |     5 |       ||     5
Throw: Throwing net      |     1 |       ||     1
  Use: Potion            |       |     3 ||     3
 Stab: Sleeping          |     5 |       ||     5
       Held in net/web   |     1 |       ||     1
Armor: Leather armour    |    12 |       ||    12
Dodge: Dodged            |    20 |       ||    20
